 Dungeon Crawl Stone Soup version 0.29.1-12-g30fa7ad0bf (webtiles) character file.

Game seed: 1587058474562216852

117 growler the Trooper (level 4, -7/38 HPs)
             Began as a Demonspawn Wanderer on Jan 16, 2023.
             Mangled by an orc
             ... wielding a +0 short sword of electrocution
              (17 damage)
             ... on level 3 of the Dungeon.
             The game lasted 00:04:33 (2895 turns).

growler the Trooper (Demonspawn Wanderer)           Turns: 2895, Time: 00:04:33

Health: -7/38      AC:  4    Str: 12    XL:     4   Next: 71%
Magic:  5/5        EV: 11    Int: 14    God:
Gold:   141        SH:  0    Dex: 14    Spells: 5/5 levels left

rFire   . . .      SeeInvis .   a - +3 dagger
rCold   . . .      Faith    .   (no shield)
rNeg    . . .      Spirit   .   f - +0 robe
rPois   .          Reflect  .   (helmet restricted)
rElec   .          Harm     .   d - +0 cloak
rCorr   .          Rampage  .   (no gloves)
Will    .....                   p - +0 pair of boots
Stlth   +.........              (no amulet)
HPRegen 0.12/turn               (no ring)
MPRegen 0.09/turn               (no ring)

@: confused
A: horns 2
a: no special abilities


You were on level 3 of the Dungeon.
You visited 1 branch of the dungeon, and saw 3 of its levels.

You collected 141 gold pieces.

Inventory:

Hand Weapons
 a - a +3 dagger (weapon)
Missiles
 b - 4 curare-tipped darts (quivered)
Armour
 d - a +0 cloak (worn)
 f - a +0 robe (worn)
 p - a +0 pair of boots (worn)
Wands
 o - a wand of flame (23)
Scrolls
 h - a scroll of enchant weapon
 i - a scroll of teleportation
 j - 2 scrolls of identify {unknown}
 l - a scroll of magic mapping {unknown}
 n - 2 scrolls of summoning {unknown}
Potions
 c - 2 potions of attraction
 e - 2 potions of curing
 g - 2 potions of degeneration {unknown}
 k - a potion of lignification {unknown}
 m - a potion of haste {unknown}


   Skills:
 + Level 4.6 Fighting
 - Level 3.6 Throwing
 - Level 1.0 Dodging
 - Level 2.6 Unarmed Combat
 - Level 1.0 Spellcasting


You had 5 spell levels left.
You didn't know any spells.
Your spell library contained the following spells:

 Spells                   Type           Power      Damage    Failure   Level
 Call Canine Familiar     Summ           0%         N/A       61%         3
 Dazzling Flash           Conj/Hex       0%         N/A       61%         3
 Portal Projectile        Hex/Tloc       0%         N/A       61%         3
 Iskenderun's Mystic Bla  Conj/Tloc      0%         2d3       95%         4
 Leda's Liquefaction      Hex/Erth       0%         N/A       95%         4
 Starburst                Conj/Fire      0%         6d3       100%        6


Dungeon Overview and Level Annotations

Branches:
Dungeon (3/15)

Altars:


Innate Abilities, Weirdness & Mutations

You have a pair of horns on your head.


Message History

You are confused.
An orc comes into view.
It is wielding a +0 short sword of electrocution.
The endoplasm freezes you.
You are frozen.
The orc wizard attacks as you move away!
The orc wizard closely misses you.
The endoplasm jiggles.
You bump into the rock wall.
The orc wizard closely misses you. The endoplasm freezes you.
You are frozen.
Unknown command.
The endoplasm attacks as you move away!
The endoplasm hits you but does no damage.
The orc wizard closely misses you.
The orc wizard hits you but does no damage.
The endoplasm closely misses you. The orc hits you with a +0 flail.
You're too confused to move!
You feel less confused. The orc wizard barely misses you.
The endoplasm barely misses you. The orc hits you with a +0 flail.
You hit the orc wizard.
The orc wizard is severely wounded.
The orc barely misses you.
The orc wizard points at you and mumbles some strange words.
You are confused.
The endoplasm barely misses you.
You miss the orc. You headbutt the orc!
You kill the orc!
The endoplasm freezes you.
You are frozen.
The orc wizard hits you with a +0 dagger.
The endoplasm hits you.
The orc wizard hits you but does no damage.
The orc attacks as you move away! The orc misses you.
The endoplasm attacks as you move away! The endoplasm barely misses you.
The orc wizard closely misses you.
The orc hits you with a +0 short sword of electrocution.
* * * LOW HITPOINT WARNING * * *
You are electrocuted!
You die...

####
....###########
. #.......).o@#
....##.......o.#
.o...........J<#
...............#
...............#
...............#
........?......#
...............#
...............#


You could see an orc wizard, an orc and an endoplasm.

Vanquished Creatures
  5 adders (D:2)
  A worm (D:2)
  5 dart slugs
  An orc (D:3)
  4 endoplasms
  5 giant cockroaches (D:2)
  3 goblins
  6 hobgoblins
  9 kobolds
  A quokka (D:2)
  8 ball pythons
  4 bats (D:1)
  4 frilled lizards
  3 rats (D:1)
59 creatures vanquished.

Notes
Turn   | Place    | Note
-------+----------+-------------------------------------------
     0 | D:1      | growler the Demonspawn Wanderer began the quest for the
                  | Orb.
     0 | D:1      | growler set off with the following items: a +2 dagger, 4
                  | curare-tipped darts, a potion of attraction, a +0 cloak, a
                  | potion of curing, a +0 robe.
     0 | D:1      | Reached XP level 1. HP: 15/15 MP: 2/2
   430 | D:1      | Reached skill level 2 in Fighting
   435 | D:1      | Gained mutation: You have a pair of small horns on your
                  | head. [demonic ancestry]
   435 | D:1      | Reached XP level 2. HP: 14/22 MP: 3/3
  1041 | D:1      | Found a faded altar of an unknown god.
  1056 | D:1      | Reached skill level 3 in Fighting
  1056 | D:1      | Gained mutation: You have a pair of horns on your head.
                  | [demonic ancestry]
  1056 | D:1      | Reached XP level 3. HP: 15/29 MP: 4/4
  2255 | D:2      | Reached skill level 4 in Fighting
  2255 | D:2      | Reached XP level 4. HP: 31/37 MP: 5/5
  2895 | D:3      | Mangled by an orc

Illustrated notes

Levels and vault maps discovered:
D:1:      arrival_zaba_pyramid, layout_loops_ring,
          shapermc_ecumenical_altar_venn
D:2:      minmay_chambers_of_twos, layout_loops_cross,
          hangedman_decor_peaks_small, minmay_split_cup_small
D:3:      minmay_bubble_buster, layout_rooms, uniq_terence

Skill      XL: |  1  2  3 |
---------------+----------+-----
Fighting       | 2 3 4 |  4.6
Throwing       | |  3.6
Dodging        | |  1.0
Unarmed Combat | |  2.6
Spellcasting   | |  1.0

Action                   |  1- 3 |  4- 6 || total
-------------------------+-------+-------++-------
Melee: Dagger            |   142 |    47 ||   189
       Headbutt          |    16 |     7 ||    23
       Punch             |     1 |       ||     1
  Use: Scroll            |       |     2 ||     2
 Stab: Sleeping          |     6 |     1 ||     7
Armor: Robe              |    38 |    12 ||    50
Dodge: Dodged            |    71 |    36 ||   107
